[Event "ICC tourney 2415 (40 10)"]
[Site "Internet Chess Club"]
[Date "2021.02.28"]
[Round "4"]
[White "SAPRU, AGASTYA:auggie29"]
[Black "Zhang, Oscar Yihang:oscaryhz"]
[Result "1-0"]
[ICCResult "Black checkmated"]
[WhiteElo "1306"]
[BlackElo "986"]
[Opening "Queen's bishop game"]
[ECO "D00"]
[NIC "QP.08"]
[Time "17:47:16"]
[PlyCount "113"]
[TimeControl "2400+10"]

1. d4 d5 2. Bf4 Nf6 3. Nf3 Bf5 4. e3 Nc6 5. Bb5 Qd7 6. Ne5 Qc8 7. Nxc6 Bd7
8. Nxa7 Rxa7 9. Bxd7+ Qxd7 10. Nc3 e6 11. Qd3 Bb4 12. O-O O-O 13. Nb5 Raa8
14. Nxc7 Rac8 15. Nb5 Rc4 16. b3 Rcc8 17. a3 Ba5 18. b4 Bb6 19. Nc3 Rc4 20.
Ne2 Rfc8 21. c3 Ne4 22. Rfc1 Qc6 23. h3 Nxc3 24. Nxc3 Rxc3 25. Rxc3 Qxc3
26. Qxc3 Rxc3 27. Bd6 Bc7 28. Bxc7 Rxc7 29. a4 Rc4 30. b5 Rb4 31. Rc1 Rc4
32. Rxc4 dxc4 33. Kf1 Kf8 34. Ke1 Ke7 35. Kd2 Kd6 36. Kc3 Kd5 37. f3 f5 38.
a5 g6 39. a6 bxa6 40. bxa6 Kc6 41. Kxc4 Kb6 42. d5 exd5+ 43. Kxd5 Kxa6 44.
e4 fxe4 45. fxe4 Kb6 46. Kd6 Kb7 47. Kd7 Kb6 48. e5 Kc5 49. e6 Kb6 50. e7
Kc5 51. e8=Q Kb6 52. Qc8 Kb5 53. Qc6+ Ka5 54. Qb7 Ka4 55. Kc6 Ka3 56. Kc5
Ka4 57. Qb4# { Black checkmated } 1-0

[Event "ICC tourney 2415 (40 10)"]
[Site "Internet Chess Club"]
[Date "2021.02.28"]
[Round "4"]
[White "SPERBER, JACOB:jacobsperber"]
[Black "BUDHABHATTI, SHESH:bshesh131"]
[Result "1-0"]
[ICCResult "Black checkmated"]
[WhiteElo "1447"]
[BlackElo "1033"]
[Opening "QGD Slav defense"]
[ECO "D10"]
[NIC "SL.01"]
[Time "17:46:27"]
[PlyCount "61"]
[TimeControl "2400+10"]

1. d4 d5 2. c4 c6 3. Nc3 Nf6 4. Bg5 dxc4 5. Bxf6 gxf6 6. a4 Bh6 7. e3 Be6
8. Nf3 Na6 9. Nd2 Qb6 10. Bxc4 Qxb2 11. Bxa6 bxa6 12. Rc1 c5 13. d5 Bg4 14.
Qc2 Qxc2 15. Rxc2 Rg8 16. f3 Bf5 17. e4 Bd7 18. Kf2 Bf4 19. g3 Be5 20. a5
Rb8 21. Rhc1 f5 22. Nc4 Bd4+ 23. Kg2 fxe4 24. fxe4 Rg4 25. h3 Rg7 26. Ne2
Rb3 27. Kh2 h5 28. Nxd4 cxd4 29. Ne5 Rbxg3 30. Rc8+ Bxc8 31. Rxc8# { Black
checkmated } 1-0

[Event "ICC tourney 2415 (40 10)"]
[Site "Internet Chess Club"]
[Date "2021.02.28"]
[Round "4"]
[White "STONE, GILBERT L:tightfist"]
[Black "GUO, MAX:salamenceg"]
[Result "1-0"]
[ICCResult "Black resigns"]
[WhiteElo "1411"]
[BlackElo "1069"]
[Opening "English opening"]
[ECO "A05"]
[NIC "QP.11"]
[Time "17:47:16"]
[PlyCount "127"]
[TimeControl "2400+10"]

1. Nf3 Nf6 2. c4 g6 3. Nc3 d5 4. e3 Bg7 5. Qb3 dxc4 6. Bxc4 O-O 7. d4 c5 8.
dxc5 Nc6 9. Be2 Qc7 10. O-O Ng4 11. h3 Nge5 12. Nb5 Qb8 13. Bd2 Nxf3+ 14.
Bxf3 Ne5 15. Be2 a6 16. Nd4 Qc7 17. Rac1 Nc6 18. Bc3 Bd7 19. Qb6 Qxb6 20.
cxb6 Rac8 21. Bf3 Rfd8 22. Rfd1 e5 23. Nxc6 Bxc6 24. Bxc6 bxc6 25. Rxd8+
Rxd8 26. Ba5 e4 27. b3 Be5 28. Bc3 Bb8 29. Bd4 Rc8 30. b7 Rc7 31. Be5 Rxb7
32. Bxb8 Rxb8 33. Rxc6 Ra8 34. b4 Kf8 35. a4 Ke7 36. b5 axb5 37. axb5 Rb8
38. b6 Kd7 39. Rc7+ Ke6 40. b7 h5 41. h4 f5 42. f4 Kd6 43. Rg7 Kd5 44. Kf2
Kc4 45. Rxg6 Rxb7 46. Rg5 Rb2+ 47. Kg3 Kd3 48. Rxf5 Kxe3 49. Rxh5 Rf2 50.
Rf5 Ke2 51. h5 e3 52. h6 Kf1 53. h7 e2 54. Re5 Rxg2+ 55. Kh3 Rg1 56. Rxe2
Kxe2 57. Kh2 Kf2 58. h8=Q Rg2+ 59. Kh3 Rg3+ 60. Kh4 Rg2 61. Qb2+ Kf3 62.
Qb7+ Kf2 63. Qxg2+ Kxg2 64. f5 { Black resigns } 1-0

[Event "ICC tourney 2415 (40 10)"]
[Site "Internet Chess Club"]
[Date "2021.02.28"]
[Round "4"]
[White "MURUGAN AYYAPPAN, ADHIRAIYAN:adma2028"]
[Black "JACOBS, STEVE:Steviejay"]
[Result "1/2-1/2"]
[ICCResult "Game drawn by mutual agreement"]
[WhiteElo "1416"]
[BlackElo "1429"]
[Opening "Queen's bishop game"]
[ECO "D00"]
[NIC "QP.08"]
[Time "17:46:43"]
[PlyCount "139"]
[TimeControl "2400+10"]

1. d4 d5 2. Bf4 Nf6 3. Nf3 e6 4. e3 Be7 5. c3 b6 6. Nbd2 c5 7. h3 Ba6 8.
Bxa6 Nxa6 9. Qa4+ Qd7 10. Qxa6 O-O 11. Qe2 c4 12. Ne5 Qe8 13. g4 b5 14. g5
Nd7 15. Nxd7 Qxd7 16. h4 b4 17. h5 bxc3 18. bxc3 Qa4 19. h6 g6 20. Qf3 Qc2
21. Qg3 Qxc3 22. Rd1 Qa3 23. Bd6 Qxd6 24. Qxd6 Bxd6 25. Nf3 Rab8 26. O-O
Rb2 27. Rd2 Rfb8 28. Rfd1 c3 29. Rxb2 Rxb2 30. Rc1 c2 31. Kg2 Bb4 32. a3
Bxa3 33. Ne1 Ra2 34. Rxc2 Rxc2 35. Nxc2 Be7 36. f4 a5 37. Ne1 a4 38. Nd3 a3
39. Nc1 Bb4 40. Na2 Bd2 41. Kf3 Kf8 42. Ke2 Ba5 43. Kd3 Ke7 44. Kc2 Bc7 45.
Nc1 Kd7 46. Nd3 Ke7 47. Nf2 Bd6 48. Ng4 Bb4 49. Kb3 Bd6 50. Nf6 Kf8 51.
Nxh7+ Kg8 52. Nf6+ Kh8 53. Nd7 Kg8 54. Ne5 Bf8 55. Ng4 Kh7 56. Ka2 Be7 57.
Nf6+ Bxf6 58. Kxa3 Bh8 59. Kb3 Kg8 60. Kc3 Kf8 61. Kd3 Ke7 62. e4 f6 63. e5
fxg5 64. fxg5 Kd7 65. Kc3 Kc6 66. Kb4 Kb6 67. Ka4 Ka6 68. Kb4 Kb6 69. Ka4
Ka6 70. Kb4 { Game drawn by mutual agreement } 1/2-1/2

[Event "ICC tourney 2415 (40 10)"]
[Site "Internet Chess Club"]
[Date "2021.02.28"]
[Round "4"]
[White "FRIEDMAN, WILLIAM:Wfriedman24"]
[Black "HARVEY, JAMES Slade:JamesS"]
[Result "0-1"]
[ICCResult "White checkmated"]
[WhiteElo "1308"]
[BlackElo "1364"]
[Opening "Caro-Kann: classical variation"]
[ECO "B18"]
[NIC "CK.10"]
[Time "17:46:23"]
[PlyCount "74"]
[TimeControl "2400+10"]

1. e4 c6 2. d4 d5 3. Nc3 dxe4 4. Nxe4 Bf5 5. Bd3 Bxe4 6. Bxe4 Nf6 7. Qd3 e6
8. Nf3 Nbd7 9. Bg5 Be7 10. Bxf6 Bxf6 11. O-O Qc7 12. Rad1 g6 13. Rfe1 O-O
14. c4 Rfd8 15. b3 Be7 16. Qd2 a5 17. Qh6 Bf8 18. Qh4 f6 19. Re3 Be7 20.
Rdd3 Nf8 21. d5 f5 22. d6 Rxd6 23. Qg3 fxe4 24. Rxe4 Rad8 25. Qf4 Qd7 26.
Rde3 Rd1+ 27. Ne1 Bb4 28. Rh3 Bxe1 29. Qe3 Bd2+ 30. Qe1 Bxe1 31. g3 Bxf2+
32. Kxf2 Qd2+ 33. Kf3 Rf1+ 34. Kg4 Rd4 35. Rxd4 Qxd4+ 36. Kg5 Kg7 37. a3
Rf5# { White checkmated } 0-1

[Event "ICC tourney 2415 (40 10)"]
[Site "Internet Chess Club"]
[Date "2021.02.28"]
[Round "5"]
[White "BAI, JEFFREY:Jeffchess"]
[Black "FRIEDMAN, WILLIAM:Wfriedman24"]
[Result "0-1"]
[ICCResult "White checkmated"]
[WhiteElo "1227"]
[BlackElo "1308"]
[Opening "Two knights defense"]
[ECO "C57"]
[NIC "KP.01"]
[Time "20:01:17"]
[PlyCount "24"]
[TimeControl "2400+10"]

1. e4 e5 2. Nf3 Nc6 3. Bc4 Nf6 4. Ng5 Nxe4 5. Nxf7 Qh4 6. g3 Nxg3 7. fxg3
Qe4+ 8. Kf2 Bc5+ 9. d4 Bxd4+ 10. Kf1 Qxh1+ 11. Ke2 Qg2+ 12. Kd3 Nb4# {
White checkmated } 0-1

[Event "ICC tourney 2415 (40 10)"]
[Site "Internet Chess Club"]
[Date "2021.02.28"]
[Round "5"]
[White "Nori, YOGA KAUSTHUBHA KRISHNA:Harithaananth"]
[Black "BHOSALE, ARNAV:avbhosale"]
[Result "1-0"]
[ICCResult "Black checkmated"]
[WhiteElo "1036"]
[BlackElo "531"]
[Opening "King's pawn game"]
[ECO "C50"]
[NIC "IG.03"]
[Time "20:01:33"]
[PlyCount "99"]
[TimeControl "2400+10"]

1. e4 e5 2. Nf3 Nc6 3. Bc4 Nd4 4. Nxd4 exd4 5. c3 dxc3 6. Nxc3 Bc5 7. d4
Bb6 8. Bf4 Ne7 9. Qg4 g6 10. Be5 d5 11. Qg5 h6 12. Qg3 dxc4 13. Bxh8 Bxd4
14. Bxd4 Qxd4 15. Qxc7 f5 16. Rd1 Qf6 17. exf5 gxf5 18. Qxc4 Qe5+ 19. Qe2
Qxe2+ 20. Nxe2 Be6 21. b3 a5 22. O-O a4 23. bxa4 Rxa4 24. Nc3 Rc4 25. Ne2
Rc2 26. Nd4 Rxa2 27. Nxe6 Kf7 28. Nd8+ Ke8 29. Nxb7 Rb2 30. Nd6+ Kf8 31.
Rfe1 Rb6 32. Re6 Rc6 33. Rf6+ Kg7 34. Rf7+ Kg6 35. Rxe7 Kg5 36. Rg7+ Kf6
37. Rf7+ Ke6 38. Rh7 Rxd6 39. Rxh6+ Ke5 40. Rdxd6 f4 41. Ra6 Kd5 42. Ra5+
Ke4 43. Rb6 Kd3 44. Rb4 Kc3 45. Rxf4 Kb3 46. Re5 Kc3 47. Re3+ Kd2 48. Ra4
Kd1 49. Ra2 Kc1 50. Re1# { Black checkmated } 1-0

[Event "ICC tourney 2415 (40 10)"]
[Site "Internet Chess Club"]
[Date "2021.02.28"]
[Round "5"]
[White "Zhang, Oscar Yihang:oscaryhz"]
[Black "HELLER, JACK G:Maximusiv"]
[Result "1-0"]
[ICCResult "Black resigns"]
[WhiteElo "986"]
[BlackElo "932"]
[Opening "Scandinavian defense"]
[ECO "B01"]
[NIC "SD.03"]
[Time "20:01:17"]
[PlyCount "53"]
[TimeControl "2400+10"]

1. e4 d5 2. exd5 Nf6 3. Bc4 Nxd5 4. Nf3 Bg4 5. h3 Bh5 6. O-O Nc6 7. Nc3 e6
8. Nxd5 exd5 9. Bb5 Qd6 10. Bxc6+ Qxc6 11. Nd4 Qd7 12. Qxh5 O-O-O 13. d3
Bc5 14. Nb3 Bb6 15. Be3 d4 16. Bg5 f6 17. Bd2 g6 18. Qf3 f5 19. Rfe1 h6 20.
Ba5 g5 21. Bxb6 axb6 22. a4 h5 23. a5 g4 24. Qg3 b5 25. a6 bxa6 26. Rxa6
Kb7 27. Nc5+ { Black resigns } 1-0

[Event "ICC tourney 2415 (40 10)"]
[Site "Internet Chess Club"]
[Date "2021.02.28"]
[Round "5"]
[White "BUDHABHATTI, SHESH:bshesh131"]
[Black "PALCHEVSKIY, ANDREW:alexbelaya"]
[Result "1-0"]
[ICCResult "Black checkmated"]
[WhiteElo "1033"]
[BlackElo "1146"]
[Opening "English: Carls' Bremen system"]
[ECO "A22"]
[NIC "EO.10"]
[Time "20:01:20"]
[PlyCount "59"]
[TimeControl "2400+10"]

1. c4 e5 2. Nc3 Nf6 3. g3 Nc6 4. Bg2 Bc5 5. e3 d6 6. Nge2 Be6 7. d4 exd4 8.
exd4 Bb6 9. O-O O-O 10. d5 Bg4 11. dxc6 bxc6 12. h3 Bxe2 13. Nxe2 d5 14.
Nc3 dxc4 15. Qf3 Rb8 16. Qxc6 Re8 17. Rd1 Qe7 18. Qxc4 Rbd8 19. Bf4 Rxd1+
20. Rxd1 h6 21. g4 Nh7 22. Nd5 Qe2 23. Qxe2 Rxe2 24. Nxb6 cxb6 25. Rd8+ Nf8
26. Bd6 Rxb2 27. Be4 g6 28. Rxf8+ Kh7 29. Be5 Rd2 30. Rh8# { Black
checkmated } 1-0

[Event "ICC tourney 2415 (40 10)"]
[Site "Internet Chess Club"]
[Date "2021.02.28"]
[Round "5"]
[White "Buiano, Anthony:Aurora442"]
[Black "Murthy, Gautam:ggmurthy"]
[Result "0-1"]
[ICCResult "White resigns"]
[WhiteElo "769"]
[BlackElo "672"]
[Opening "Torre attack (Tartakower variation)"]
[ECO "D03"]
[NIC "QP.09"]
[Time "20:01:17"]
[PlyCount "94"]
[TimeControl "2400+10"]

1. Nf3 d5 2. d4 Nf6 3. Bg5 c5 4. Nc3 e6 5. e3 c4 6. b3 Qa5 7. Qd2 Ba3 8.
Nb1 Qxd2+ 9. Nfxd2 Bb2 10. bxc4 Bxa1 11. cxd5 Nxd5 12. Nb3 Bb2 13. Bb5+ Nc6
14. O-O Nc3 15. Nxc3 Bxc3 16. Nc1 Bb2 17. Nd3 Bc3 18. Nc5 O-O 19. Ne4 Bb4
20. c3 Ba3 21. f4 h6 22. Bh4 Be7 23. Bg3 f5 24. Nd2 a6 25. Bc4 b5 26. Bb3
Na5 27. Bc2 Nc4 28. Nf3 g5 29. fxg5 Bxg5 30. Re1 Bxe3+ 31. Kh1 Bd2 32. Rd1
f4 33. Bf2 Bxc3 34. Rd3 Ba5 35. Nh4 Bd8 36. Ng6 Rf7 37. Ne5 Nxe5 38. dxe5
Be7 39. Bd1 Bb7 40. Rd7 Bc6 41. Rd3 Rd8 42. Bd4 Bc5 43. Bh5 Rg7 44. Rc3
Rxd4 45. Kg1 Rc4+ 46. Kf1 Bxg2+ 47. Ke2 Rxc3 { White resigns } 0-1

[Event "ICC tourney 2415 (40 10)"]
[Site "Internet Chess Club"]
[Date "2021.02.28"]
[Round "5"]
[White "Kwok, Charlene:chakwo456"]
[Black "ADUSUMALLI, ANIRUDH SAI:Anichess2009"]
[Result "0-1"]
[ICCResult "White checkmated"]
[WhiteElo "1154"]
[BlackElo "838"]
[Opening "Pirc defense"]
[ECO "B07"]
[NIC "PU.08"]
[Time "20:01:31"]
[PlyCount "156"]
[TimeControl "2400+10"]

1. e4 d6 2. d4 Nf6 3. Nc3 Nc6 4. Nf3 Bg4 5. Be2 g6 6. O-O Bg7 7. Bf4 O-O 8.
Qd2 d5 9. e5 Ne4 10. Nxe4 dxe4 11. Ng5 Bxe2 12. Qxe2 Qxd4 13. c3 Qd3 14.
Qxd3 exd3 15. Nf3 f5 16. Rad1 Rad8 17. Ng5 Rd7 18. Ne6 Re8 19. Nxg7 Kxg7
20. e6 Rd5 21. Bxc7 Nd8 22. Rfe1 Rc5 23. Be5+ Kf8 24. Bd4 Ra5 25. Rxd3 Rxa2
26. Rh3 Kg8 27. c4 Nc6 28. Bc3 Ra4 29. b3 Ra3 30. Ree3 Rxb3 31. Kf1 Rd8 32.
Reg3 h5 33. Rxg6+ Kh7 34. Rg7+ Kh6 35. g4 Rxc3 36. Rxh5+ Kxg7 37. Rxf5 Rf8
38. Rg5+ Kh6 39. Rh5+ Kg6 40. h4 Rxc4 41. Rg5+ Kf6 42. Rf5+ Kxe6 43. Rxf8
Rxg4 44. h5 Rh4 45. Rb8 b6 46. Rh8 Kf7 47. Rh6 Ne5 48. Rh8 Kg7 49. Re8 Kf7
50. Rc8 Rxh5 51. Rc7 Rh1+ 52. Kg2 Ra1 53. Kg3 a5 54. Rb7 Rb1 55. Kf4 Nd3+
56. Ke3 Nc5 57. Rc7 Ne6 58. Rc6 b5 59. Ra6 a4 60. Ra5 Nc5 61. Kd4 Nb3+ 62.
Kd3 Nxa5 63. Kc2 Rf1 64. Kc3 a3 65. Kb4 a2 66. Kxa5 a1=Q+ 67. Kxb5 Rxf2 68.
Kc4 Qa4+ 69. Kd3 Rf3+ 70. Ke2 Rh3 71. Kf2 Rh2+ 72. Kg3 Qc2 73. Kg4 Qe4+ 74.
Kg3 Rg2+ 75. Kh3 Qf3+ 76. Kh4 Rg4+ 77. Kh5 Qf5+ 78. Kh6 Rh4# { White
checkmated } 0-1

[Event "ICC tourney 2415 (40 10)"]
[Site "Internet Chess Club"]
[Date "2021.02.28"]
[Round "5"]
[White "ZHANG, EMILY:emilyz"]
[Black "RAVINUTALA, VIVEK:vivek2009"]
[Result "0-1"]
[ICCResult "White checkmated"]
[WhiteElo "202"]
[BlackElo "808"]
[Opening "Ruy Lopez: classical (Cordel) defense"]
[ECO "C64"]
[NIC "RL.01"]
[Time "20:01:34"]
[PlyCount "64"]
[TimeControl "2400+10"]

1. e4 e5 2. Nf3 Nc6 3. Bb5 Bc5 4. Bxc6 bxc6 5. Nxe5 Qe7 6. d4 Bd6 7. Bf4 f6
8. Nd3 Bxf4 9. Nxf4 Qxe4+ 10. Ne2 Ne7 11. O-O Ba6 12. Re1 Bxe2 13. Rxe2 Qd5
14. Nc3 Qd6 15. Ne4 Qd5 16. Nc3 Qc4 17. b3 Qxc3 18. Re3 Qb4 19. c3 Qd6 20.
b4 O-O 21. Rh3 Nd5 22. Qh5 h6 23. c4 Nf4 24. Qf3 Nxh3+ 25. Qxh3 Qxd4 26.
Rf1 Rae8 27. Qf3 Qxc4 28. a3 Rf7 29. b5 Qxb5 30. Ra1 Rfe7 31. a4 Re1+ 32.
Rxe1 Rxe1# { White checkmated } 0-1

[Event "ICC tourney 2415 (40 10)"]
[Site "Internet Chess Club"]
[Date "2021.02.28"]
[Round "5"]
[White "HELLER, RICHIE:RichieHeller"]
[Black "MURUGAN AYYAPPAN, ADHIRAIYAN:adma2028"]
[Result "1-0"]
[ICCResult "Black checkmated"]
[WhiteElo "841"]
[BlackElo "1416"]
[Opening "Giuoco Piano"]
[ECO "C50"]
[NIC "IG.02"]
[Time "20:03:31"]
[PlyCount "157"]
[TimeControl "2400+10"]

1. e4 e5 2. Nf3 Nc6 3. Bc4 Bc5 4. O-O Nf6 5. d3 d6 6. Nc3 O-O 7. Bg5 h6 8.
Bh4 Be6 9. Nd5 Bxd5 10. Bxd5 Bb6 11. Nd2 Na5 12. Nb3 c6 13. Nxa5 Bxa5 14.
Bb3 Bb6 15. Qf3 Bc7 16. Bxf6 Qxf6 17. Qxf6 gxf6 18. f4 a5 19. a4 Rad8 20.
Rae1 d5 21. exd5 cxd5 22. fxe5 Bxe5 23. c3 d4 24. c4 Rd7 25. Re4 Re7 26.
Rh4 Kh7 27. Rf5 Rg8 28. c5 Rg5 29. Rf3 Rc7 30. Rfh3 Rg6 31. Kf1 Kg7 32. Bd1
Rxc5 33. Bf3 Bd6 34. Be4 f5 35. Bxb7 Be7 36. Rxd4 Rc1+ 37. Ke2 Re6+ 38. Kf3
Bc5 39. Rg3+ Kh7 40. Rc4 Rxc4 41. dxc4 Re3+ 42. Kf4 Re7 43. Bd5 Bd6+ 44.
Kxf5 Bxg3 45. hxg3 Re2 46. Bxf7 Rxg2 47. c5 Rxb2 48. c6 Rc2 49. Bd5 Kg7 50.
Ke6 Kg6 51. Kd7 Kg5 52. c7 Rd2 53. c8=Q Rxd5+ 54. Kc6 Rd3 55. Qg8+ Kh5 56.
g4+ Kh4 57. Qc4 Rg3 58. Qf4 Rxg4 59. Qxh6+ Kg3 60. Qe3+ Kh4 61. Qe1+ Kh5
62. Qxa5+ Kh4 63. Qe1+ Kh5 64. Qh1+ Kg5 65. Qd5+ Kh4 66. a5 Rg5 67. Qxg5+
Kxg5 68. a6 Kf6 69. a7 Ke7 70. a8=Q Kf7 71. Qa5 Kg7 72. Kd6 Kf7 73. Qf5+
Ke8 74. Qg6+ Kf8 75. Qf6+ Kg8 76. Ke7 Kh7 77. Qg5 Kh8 78. Kf7 Kh7 79. Qg7#
{ Black checkmated } 1-0

[Event "ICC tourney 2415 (40 10)"]
[Site "Internet Chess Club"]
[Date "2021.02.28"]
[Round "5"]
[White "RAVINUTALA, NITYA:nitya2006"]
[Black "HUA, OLIVER:oxdidi"]
[Result "0-1"]
[ICCResult "White checkmated"]
[WhiteElo "926"]
[BlackElo "993"]
[Opening "Giuoco Piano"]
[ECO "C54"]
[NIC "IG.02"]
[Time "20:01:19"]
[PlyCount "120"]
[TimeControl "2400+10"]

1. e4 e5 2. Nf3 Nc6 3. Bc4 Bc5 4. c3 Nf6 5. d4 exd4 6. cxd4 Bb4+ 7. Bd2
Bxd2+ 8. Nbxd2 d6 9. d5 Ne7 10. O-O Bg4 11. Re1 O-O 12. Be2 Ng6 13. h3 Bd7
14. Nd4 Re8 15. Bc4 a6 16. a4 Qe7 17. N2f3 h6 18. b3 Nf4 19. Qd2 Ng6 20.
Nf5 Qf8 21. N3d4 c5 22. Nf3 Ne7 23. Nxd6 Reb8 24. Ne5 Be8 25. Qe3 Nexd5 26.
exd5 Qxd6 27. f4 Nxd5 28. Bxd5 Qxd5 29. Red1 Qe6 30. Qxc5 Qxb3 31. Nc4 Rc8
32. Na5 Rxc5 33. Nxb3 Rc4 34. g3 Rxa4 35. Nc5 Rxa1 36. Rxa1 Bc6 37. Nd3 Re8
38. Ne5 Bd5 39. h4 f6 40. Nd7 Re2 41. Kf1 Rg2 42. Nc5 Rxg3 43. Rd1 Bc6 44.
Ne6 Rh3 45. Rd8+ Kf7 46. Nd4 Be4 47. f5 Rxh4 48. Rd7+ Kg8 49. Ne6 Rg4 50.
Kf2 Bxf5 51. Kf3 Bxe6 52. Rxb7 Bd5+ 53. Ke3 Bxb7 54. Kf2 a5 55. Ke2 a4 56.
Kf2 a3 57. Ke2 a2 58. Kf2 a1=Q 59. Ke2 Qc3 60. Kd1 Bf3# { White checkmated
} 0-1

[Event "ICC tourney 2415 (40 10)"]
[Site "Internet Chess Club"]
[Date "2021.02.28"]
[Round "5"]
[White "JACOBS, STEVE:Steviejay"]
[Black "EHRENBERG, JOSHUA BROOKES:joshebow"]
[Result "0-1"]
[ICCResult "White resigns"]
[WhiteElo "1429"]
[BlackElo "880"]
[Opening "Queen's pawn game, Chigorin variation"]
[ECO "D02"]
[NIC "QP.08"]
[Time "20:01:44"]
[PlyCount "126"]
[TimeControl "2400+10"]

1. d4 d5 2. Nf3 Nc6 3. c3 Bf5 4. Bg5 h6 5. Bh4 Nf6 6. Nbd2 g5 7. Bg3 Bg7 8.
e3 a6 9. Ne5 Nxe5 10. Bxe5 Rg8 11. Be2 Qd7 12. c4 dxc4 13. Bxc4 b5 14. Bb3
O-O-O 15. Qf3 Nd5 16. Bxd5 Bxe5 17. Bb7+ Kb8 18. Bxa6 c6 19. Nb3 Bd6 20.
O-O Ka7 21. Bxb5 cxb5 22. Nc5 Bxc5 23. dxc5 Qd5 24. Qxd5 Rxd5 25. b4 Rgd8
26. Rfe1 Be6 27. Kf1 Rd2 28. g3 Bc4+ 29. Kg2 Bd5+ 30. Kg1 Rxa2 31. Rxa2+
Bxa2 32. Ra1 Rd2 33. Kf1 Rb2 34. Ke1 Rb1+ 35. Rxb1 Bxb1 36. Kd2 Kb7 37. Kc3
e5 38. f3 e4 39. fxe4 Bxe4 40. Kd4 Bc6 41. Ke5 Kc7 42. Kf6 Be8 43. Kg7 h5
44. Kh6 f6 45. h4 gxh4 46. gxh4 Kc6 47. e4 Kd7 48. Kg7 Ke6 49. Kh6 Ke5 50.
Kg7 Kxe4 51. Kxf6 Kd4 52. Ke7 Bc6 53. Kd6 Be8 54. c6 Bxc6 55. Kxc6 Kc4 56.
Kb6 Kxb4 57. Ka6 Ka4 58. Kb6 b4 59. Kc5 b3 60. Kd5 b2 61. Ke5 b1=Q 62. Kf6
Qe4 63. Kg5 Qg4+ { White resigns } 0-1

[Event "ICC tourney 2415 (40 10)"]
[Site "Internet Chess Club"]
[Date "2021.02.28"]
[Round "5"]
[White "GILILLAND, JESSE:ThirstyMonster"]
[Black "SPERBER, JACOB:jacobsperber"]
[Result "0-1"]
[ICCResult "White checkmated"]
[WhiteElo "1283"]
[BlackElo "1447"]
[Opening "King's Indian: Torre attack"]
[ECO "A48"]
[NIC "QP.01"]
[Time "20:01:32"]
[PlyCount "154"]
[TimeControl "2400+10"]

1. d4 Nf6 2. Nf3 g6 3. Bg5 Bg7 4. c3 O-O 5. Nbd2 d6 6. e4 Nbd7 7. Bd3 e5 8.
O-O h6 9. Be3 Ng4 10. h3 Nxe3 11. fxe3 f5 12. Qe1 Kh7 13. Nh4 Bf6 14. Ndf3
d5 15. Qg3 Rg8 16. dxe5 Nxe5 17. Bc2 Nxf3+ 18. Nxf3 dxe4 19. Nd4 Bxd4 20.
cxd4 Be6 21. Rfd1 c6 22. b3 Rc8 23. Rac1 Qc7 24. Qxc7+ Rxc7 25. Rd2 Bd5 26.
Bd1 Rd8 27. Be2 Kg7 28. Rdc2 Kf7 29. Rc5 Ke6 30. g4 Rf7 31. Rf1 Rdf8 32. b4
f4 33. exf4 Rxf4 34. Rxf4 Rxf4 35. a4 e3 36. Rc3 Rxd4 37. Rxe3+ Re4 38. Kf2
Rxe3 39. Kxe3 Ke5 40. h4 g5 41. hxg5 hxg5 42. a5 b6 43. axb6 axb6 44. Bd1
c5 45. bxc5 bxc5 46. Be2 c4 47. Bf1 Be6 48. Be2 Kd5 49. Bd1 Kc5 50. Ke4 Kb4
51. Ke5 Bg8 52. Kf6 c3 53. Bc2 Bb3 54. Bf5 Bd1 55. Kxg5 Kb3 56. Kf4 Bc2 57.
Be6+ Ka3 58. Ke3 Bb1 59. g5 c2 60. Kd2 Kb2 61. Bb3 c1=Q+ 62. Ke2 Kxb3 63.
Kf3 Bg6 64. Kg4 Qc4+ 65. Kf3 Qd5+ 66. Kf4 Qe4+ 67. Kg3 Qe3+ 68. Kg4 Kc4 69.
Kh4 Qf4+ 70. Kh3 Qxg5 71. Kh2 Kd4 72. Kh3 Bf5+ 73. Kh2 Qf4+ 74. Kh1 Ke3 75.
Kg2 Qg4+ 76. Kh2 Qe2+ 77. Kg3 Qf2# { White checkmated } 0-1